 Dungeon Crawl Stone Soup version 0.29-a0-270-g1586fc07ea (webtiles) character file.

Game seed: 16929103667092337638

4234 bande the Chopper (level 10, -4/66 HPs)
             Began as a Gargoyle Fighter on Mar 8, 2022.
             Was an Elder of Okawaru.
             Slain by a two-headed ogre
             ... wielding a +0 giant club
              (5 damage)
             ... on level 8 of the Dungeon.
             The game lasted 00:18:55 (12586 turns).

bande the Chopper (Gargoyle Fighter)               Turns: 12586, Time: 00:18:57

Health: -4/66      AC: 20    Str: 19    XL:     10   Next: 30%
Magic:  14/14      EV:  9    Int: 10    God:    Okawaru [****..]
Gold:   401        SH: 12    Dex: 17    Spells: 9/9 levels left

rFire   + . .      SeeInvis .   a - +1 war axe (vorpal)
rCold   . . .      Faith    .   c - +1 buckler
rNeg    + . .      Spirit   .   t - +1 scale mail of the Stag {+Inv rF+ Dex+4}
rPois   ∞          Reflect  +   (no helmet)
rElec   +          Harm     .   (no cloak)
rCorr   .          Rampage  .   (no gloves)
Will    +....                   (no boots)
Stlth   ..........              e - amulet of reflection
HPRegen 0.21/turn               x - +4 ring of protection
MPRegen 0.14/turn               (no ring)

@: no status effects
A: sickness immunity, AC +7, negative energy resistance 1, electricity
resistance, torment resistance 1, petrification resistance, strong-willed 1,
robust 1, wild magic 1, MP-powered wands
a: Renounce Religion, Evoke Invisibility, Heroism, Finesse


You were on level 8 of the Dungeon.
You worshipped Okawaru.
Okawaru was greatly pleased with you.
You visited 2 branches of the dungeon, and saw 9 of its levels.

You collected 401 gold pieces.

Inventory:

Hand Weapons
 a - a +1 vorpal war axe (weapon)
 y - a +0 war axe
 G - a +1 vorpal flail
Missiles
 b - a throwing net (quivered)
Armour
 c - a +1 buckler (worn)
 s - a +0 plate armour
 t - the +1 scale mail of the Stag (worn) {+Inv rF+ Dex+4}
   (You found it on level 4 of the Dungeon)

   Dex:       It affects your dexterity (+4).
   rF:        It protects you from fire.
   +Inv:      It lets you turn invisible.
Jewellery
 e - an amulet of reflection (around neck)
 j - a ring of fire
 x - a +4 ring of protection (left hand)
 C - a ring of wizardry
 F - a ring of protection from cold
Wands
 i - a wand of flame (19)
 p - a wand of acid (10)
 A - a wand of paralysis (33)
 B - a wand of digging (8)
Scrolls
 o - a scroll of identify
 q - a scroll of teleportation
 u - a scroll of brand weapon
 v - a scroll of fear
 w - a scroll of amnesia
Potions
 d - 2 potions of might
 f - 2 potions of invisibility
 g - 3 potions of heal wounds
 h - 2 potions of cancellation
 k - 2 potions of brilliance {unknown}
 l - a potion of magic
 m - 5 potions of curing
 n - a potion of resistance
 r - 2 potions of ambrosia
 z - 3 potions of lignification {unknown}
 D - a potion of degeneration {unknown}
 E - a potion of flight {unknown}


   Skills:
 + Level 6.2 Fighting
 + Level 7.9 Axes
 + Level 7.3 Armour
 - Level 0.2 Dodging
 + Level 6.5 Shields
 * Level 5.7 Invocations
 * Level 4.7 Evocations


You had 9 spell levels left.
You didn't know any spells.
Your spell library contained the following spells:

 Spells                   Type           Power      Damage    Failure   Level
 Confusing Touch          Hex            0%         N/A       99%         3
 Gell's Gravitas          Tloc           0%         N/A       99%         3
 Lesser Beckoning         Tloc           0%         N/A       99%         3
 Teleport Other           Tloc           0%         N/A       99%         3
 Yara's Violent Unravell  Hex/Tmut       0%         3d3       100%        5
 Enfeeble                 Hex            0%         N/A       100%        7
 Summon Small Mammal      Summ           Unusable   N/A       N/A         1
 Call Canine Familiar     Summ           Unusable   N/A       N/A         3
 Summon Guardian Golem    Hex/Summ       Unusable   N/A       N/A         3

Dungeon Overview and Level Annotations

Branches:
Dungeon (8/15)             Temple (1/1) D:4
   Lair: D:8-11

Altars:
Ashenzari
Dithmenos
Elyvilon
Fedhas
Gozag
Hepliaklqana
Makhleb
Nemelex Xobeh
Okawaru
Qazlal
Ru
Sif Muna
Trog
Uskayaw
Vehumet
Wu Jian
Xom
Yredelemnul
Zin
The Shining One


Innate Abilities, Weirdness & Mutations

You are immune to sickness and miasma.
Your stone body is resilient. (AC +7)
You are immune to poison.
You resist negative energy. (rN+)
You are resistant to electric shocks. (rElec)
You are resistant to unholy torment.
You are immune to petrification.
You are strong-willed. (Will+)
You are robust. (+10% HP)
Your spells are a little harder to cast, but a little more powerful.
You expend magic power (3 MP) to strengthen your wands.


Message History

The hornet stings you.
You hit the hornet but do no damage.
The hornet is almost dead.
The hornet stings you but does no damage.
You block the hornet's attack.
You closely miss the hornet.
The hornet is almost dead.
The hornet completely misses you. You block the hornet's attack.
You hit the hornet.
You kill the hornet!
Okawaru is honoured by your kill.
You start resting.
A two-headed ogre comes into view. It is wielding two +0 giant clubs.
A two-headed ogre is nearby!
A two-headed ogre is nearby!
A two-headed ogre is nearby!
You feel much better.
You slash the two-headed ogre!
The two-headed ogre is moderately wounded.
The two-headed ogre barely misses you.
The two-headed ogre hits you with a +0 giant club.
You hit the two-headed ogre.
The two-headed ogre is moderately wounded.
You block the two-headed ogre's attack.
The two-headed ogre hits you with a +0 giant club!
You slash the two-headed ogre!
The two-headed ogre is heavily wounded.
You hit the two-headed ogre but do no damage.
The two-headed ogre is heavily wounded.
You block the two-headed ogre's attack. x2
You barely miss the two-headed ogre.
The two-headed ogre is heavily wounded.
The two-headed ogre completely misses you.
The two-headed ogre hits you with a +0 giant club!
You hit the two-headed ogre.
The two-headed ogre is heavily wounded.
The two-headed ogre hits you with a +0 giant club!!
* * * LOW HITPOINT WARNING * * *
The two-headed ogre hits you with a +0 giant club.
You die...

#......##).##..##......#...#
#..._...#..##..#..._...#...#
#......##..##..##......#...#
#....###..####..###....#...# ''
##.###....##.#...)###.##...#
...
#.......###.##.......#....#....
##....### #..###....##....#..8.
###### #....######..........
#...@O...............
#..............).....
..........).............
...........)......≈≈P≈≈≈P
...........)....≈†≈≈≈≈≈♣≈
####............≈≈≈≈≈≈≈≈≈
#.........≈≈≈≈≈≈♣≈≈.≈≈
........≈≈≈≈♣≈≈≈≈≈≈...
........≈≈≈♣≈♣≈P≈....


You could see a two-headed ogre.

Vanquished Creatures
  Maggie (D:7)
  A hornet (D:8)
  Grinder (D:6)
  A wyvern (D:5)
  5 steam dragons
  4 water moccasins
  2 orc warriors
  A black bear (D:4)
  2 ice beasts (D:7)
  An ogre (D:6)
  2 centaurs
  A phantom (D:4)
  3 necrophages
  2 bullfrogs
  A scorpion (D:5)
  An electric eel (D:8)
  4 howler monkeys
  5 hounds
  3 jellies (D:6)
  5 orc priests
  2 iguanas
  11 orc wizards
  12 gnolls
  2 adders
  3 white imps
  2 ufetubi
  3 worms
  6 dart slugs
  39 orcs
  11 ball pythons
  8 endoplasms
  5 goblins
  5 hobgoblins
  4 jackals
  10 kobolds
  4 quokkas
  A bat (D:3)
  2 frilled lizards
  6 rats
182 creatures vanquished.

Vanquished Creatures (others)
  An orc (D:6)
  55 plants
56 creatures vanquished.

Grand Total: 238 creatures vanquished

Notes
Turn   | Place    | Note
-------+----------+-------------------------------------------
     0 | D:1      | bande the Gargoyle Fighter began the quest for the Orb.
     0 | D:1      | Reached XP level 1. HP: 14/14 MP: 1/1
   169 | D:1      | Reached XP level 2. HP: 13/19 MP: 2/2
  1571 | D:2      | Found a radiant altar of Vehumet.
  1576 | D:2      | Found a faded altar of an unknown god.
  1611 | D:2      | Reached XP level 3. HP: 19/24 MP: 3/3
  2272 | D:2      | Reached XP level 4. HP: 23/29 MP: 4/4
  3300 | D:2      | Reached XP level 5. HP: 32/33 MP: 5/5
  3514 | D:3      | Found a stormy altar of Qazlal.
  4097 | D:3      | Found an iron altar of Okawaru.
  4103 | D:3      | Reached XP level 6. HP: 37/38 MP: 6/6
  4111 | D:3      | Became a worshipper of Warmaster Okawaru
  4605 | D:4      | Found a staircase to the Ecumenical Temple.
  4615 | Temple   | Entered the Ecumenical Temple
  4813 | D:4      | Reached skill level 1 in Invocations
  5096 | D:4      | Reached skill level 1 in Evocations
  5136 | D:4      | Reached XP level 7. HP: 43/43 MP: 8/8
  5369 | D:4      | You fall into a shaft and drop 1 floor!
  5369 | D:5      | Entered Level 5 of the Dungeon
  5463 | D:4      | Reached skill level 5 in Armour
  5625 | D:4      | Identified the +1 scale mail of the Stag {+Inv rF+ Dex+4}
  5639 | D:4      | Found an ornate altar of the Wu Jian Council.
  5822 | D:4      | Found a glowing silver altar of Zin.
  6239 | D:5      | Reached * piety under Okawaru
  6360 | D:5      | Reached skill level 5 in Shields
  6360 | D:5      | Reached XP level 8. HP: 31/48 MP: 9/9
  6550 | D:5      | Found a shadowy altar of Dithmenos.
  6575 | D:5      | Noticed a wyvern
  6591 | D:5      | Killed a wyvern
  6592 | D:5      | Reached skill level 5 in Axes
  7842 | D:4      | Reached ** piety under Okawaru
  8784 | D:5      | Reached skill level 5 in Fighting
  9317 | D:6      | Paralysed by an orc warrior for 4 turns
  9322 | D:6      | Reached XP level 9. HP: 39/54 MP: 11/11
  9721 | D:6      | Found an opulent altar of Gozag.
  9990 | D:6      | Noticed Grinder
  9993 | D:6      | Paralysed by Grinder for 5 turns
 10010 | D:6      | Killed Grinder
 10010 | D:6      | Reached *** piety under Okawaru
 10356 | D:7      | Gained mutation: You occasionally shout uncontrollably at
                  | your foes. [potion of mutation]
 10356 | D:7      | Gained mutation: You sometimes lose the ability to read
                  | scrolls when taking damage. [potion of mutation]
 10357 | D:7      | Lost mutation: You sometimes lose the ability to read
                  | scrolls when taking damage. [potion of mutation]
 10357 | D:7      | Lost mutation: You occasionally shout uncontrollably at
                  | your foes. [potion of mutation]
 10357 | D:7      | Gained mutation: Your spells are a little harder to cast,
                  | but a little more powerful. [potion of mutation]
 10357 | D:7      | Gained mutation: You are strong-willed. (Will+) [potion of
                  | mutation]
 10357 | D:7      | Gained mutation: You expend magic power (3 MP) to
                  | strengthen your wands. [potion of mutation]
 10357 | D:7      | Gained mutation: You are robust. (+10% HP) [potion of
                  | mutation]
 10388 | D:7      | Found a hazy altar of Hepliaklqana.
 10388 | D:7      | Found a radiant altar of Vehumet.
 10570 | D:7      | Found a broken altar of Ashenzari.
 10575 | D:7      | Noticed Maggie
 10607 | D:7      | Killed Maggie
 10608 | D:7      | Reached skill level 5 in Invocations
 11239 | D:7      | Reached XP level 10. HP: 65/66 MP: 12/14
 11569 | D:7      | Reached **** piety under Okawaru
 12415 | D:8      | Found a blossoming altar of Fedhas.
 12467 | D:8      | Found a glowing golden altar of the Shining One.
 12570 | D:8      | Noticed a two-headed ogre
 12586 | D:8      | HP: 1/66 [two-headed ogre/+0 giant club (25)]
 12586 | D:8      | Slain by a two-headed ogre

Illustrated notes

Levels and vault maps discovered:
D:1:      wander_arrival_chamber, layout_basic, serial_glass, glass_columns_a,
          glass_columns_b, minmay_misc_feat_diagonals, grunt_decor_cap,
          chequers_serial_rivers_micro_d
D:2:      layout_loops_cross, ebering_ecumenical_altar_rust, basic_altar
D:3:      layout_loops_ring, grunt_qazlal_sundering,
          kennysheep_okawaru_gauntlet, minivault_26
D:4:      layout_basic, zin_treasury, kennysheep_mini, temple_statues,
          grunt_ministairs_8, serial_bayou_lake_a
D:5:      layout_layer_cave, general_overflow_altar
D:6:      layout_loops_ring, nicolae_gozag_seed_capital, uniq_grinder
D:7:      layout_cave_pods, grunt_temple_overflow_open,
          mainiacjoe_overflow_concentric_impassable, uniq_maggie
D:8:      layout_basic, slow_altar_2, mainiacjoe_overflow_two_lobes,
          chequers_serial_rivers_micro_b, serial_bayou_lagoon_a,
          minmay_misc_feat_five
Temple:   jpeg_temple_island

Skill      XL: |  1  2  3  4  5  6  7  8  9 10 |
---------------+-------------------------------+-----
Axes           | 2 3 4 6 7 |  7.9
Armour         | 4 5 6 7 |  7.3
Shields        | 4 5 6 |  6.5
Fighting       | 4 5 6 |  6.2
Invocations    | 1 2 3 5 |  5.7
Evocations     | 1 2 3 4 |  4.7
Dodging        | |  0.2

Action                   |  1- 3 |  4- 6 |  7- 9 | 10-12 || total
-------------------------+-------+-------+-------+-------++-------
Melee: War axe           |    97 |   157 |   286 |   118 ||   658
  Use: Scroll            |     6 |     4 |     9 |       ||    19
       Potion            |       |       |     3 |     1 ||     4
Armor: Scale mail        |    31 |       |   134 |    57 ||   222
       Chain mail        |    32 |    57 |       |       ||    89
       Plate armour      |       |    27 |     9 |       ||    36
Dodge: Dodged            |    36 |    45 |    96 |    45 ||   222
Block: Buckler           |    40 |    86 |   144 |    80 ||   350
       Reflection        |       |       |     4 |     4 ||     8

Table legend: (Time is in decaauts)
 A = Elapsed time spent in this place.
 B = Non-inter-level travel time spent in this place.
 C = Inter-level travel time spent in this place.
 D = Time resting spent in this place.
 E = Time spent auto-exploring this place.
 F = Levels seen in this place.
 G = Mean time per level.
                   A        B        C        D        E       F      G
               +--------+--------+--------+--------+--------+-----+--------+
         Total |  12816 |  12498 |    318 |   4659 |   5902 |   9 | 1424.0 |
       Dungeon |  12737 |  12453 |    284 |   4659 |   5873 |   8 | 1592.1 |
        Temple |     78 |     44 |     34 |      0 |     29 |   1 |   78.0 |
               +--------+--------+--------+--------+--------+-----+--------+

Top non-repeatable levels by time:
     D:5: 2501 daAuts
     D:4: 2181 daAuts
     D:2: 1917 daAuts
     D:7: 1674 daAuts
     D:1: 1546 daAuts
     D:6: 1168 daAuts
     D:3: 1121 daAuts
     D:8: 627 daAuts
  Temple: 78 daAuts
